Cogmind - Beta 10.2 @@@ ROGUE MODE // 2021.05.20 @ 12:08:33 Player: RavenousxxxDemon Result: Destroyed by G-47 Trooper with Particle Gun Performance ------------- Evolutions (2) 1000 Regions Visited (4) 800 Robots Destroyed (68) 340 Value Destroyed (2016) 2016 Prototype IDs (6) 120 Alien Tech Used (0) 0 Bonus (227) 227 TOTAL SCORE: 4503 Bonus ------- High Alert Combat Kills 30 Follower Combat Kills 222 Friendly Fire -25 Cogmind --------- Core Integrity 0/550 Matter 282/300 Energy 200/200 System Corruption 6% Temperature Cool (9) Movement Flying (385) Ox5 Location -8/Storage Parts ------- > --- POWER (2) -------- Cold Fusion Reactor > --- PROPULSION (3) --- Improved VTOL Module > --- UTILITY (3) ------ Medium Storage Unit Large Storage Unit > --- WEAPON (3) ------- (None) > --- INVENTORY (14) --- Improved VTOL Module Improved Heat Sink Medium Storage Unit High-capacity Matter Pod Peak State ------------ > --- POWER ------------ Light Nuclear Core Cold Fusion Reactor > --- PROPULSION ------- Aerolev Unit Aerolev Unit Improved VTOL Module > --- UTILITY ---------- Medium Storage Unit Large Storage Unit > --- WEAPON ----------- Heavy Assault Rifle Scythe > --- INVENTORY -------- Cold Fusion Reactor Improved VTOL Module Improved Heat Sink Medium Storage Unit High-capacity Matter Pod [Rating: 29] Favorites ----------- Power Light Nuclear Core Engine Light Ion Engine Power Core Light Nuclear Core Reactor Cold Fusion Reactor Propulsion Aluminum Leg Treads Light Treads Leg Aluminum Leg Wheel Wheel Hover Unit Aerolev Unit Flight Unit Improved VTOL Module Utility Medium Storage Unit Device Shield Generator Storage Medium Storage Unit Protection Light Armor Plating Weapon Light Cannon Energy Gun Improved Medium Laser Ballistic Gun Heavy Assault Rifle Ballistic Cannon Light Cannon Launcher Rocket Launcher Slashing Weapon Scythe Build | -11 -10 -9 -8 -8 ------- Run | Scr Mat Mat Mat Sto Slots Evolved 4 | . . 2 2 . Power 1 | . . . 1 . Propulsion 1 | . . 1 . . Utility 1 | . . . 1 . Weapon 1 | . . 1 . . Parts Attached 64 | 5 11 9 6 33 Power 12 | 1 2 1 2 6 Engine 4 | 1 1 . . 2 Core 6 | . 1 1 2 2 Reactor 2 | . . . . 2 Propulsion 20 | 1 4 3 . 12 Treads 1 | . 1 . . . Leg 9 | . 2 1 . 6 Wheel 6 | 1 1 2 . 2 Hover 2 | . . . . 2 Flight 2 | . . . . 2 Utility 10 | 1 2 . 1 6 Device 1 | . . . 1 . Storage 5 | 1 2 . . 2 Processor . | . . . . . Hackware . | . . . . . Protection 4 | . . . . 4 Artifact . | . . . . . Weapon 22 | 2 3 5 3 9 Energy Gun 3 | 1 . 1 1 . Energy Cannon . | . . . . . Ballistic Gun 6 | 1 1 . . 4 Ballistic Cannon 9 | . 2 3 1 3 Launcher 3 | . . 1 1 1 Special Weapon . | . . . . . Impact Weapon . | . . . . . Slashing Weapon 1 | . . . . 1 Piercing Weapon . | . . . . . Special Melee Weapon . | . . . . . Unidentified Prototypes 4 | . . 1 . 3 Parts Lost 41 | . 4 1 2 34 Power 8 | . . 1 1 6 Propulsion 14 | . 2 . 1 11 Utility 5 | . . . . 5 Weapon 14 | . 2 . . 12 Highest Loss Streak 6 | . 3 1 2 6 Average Slot Usage (%) 85 | . 85 89 77 85 Engine 4 | . 8 . . 4 Core 8 | . 5 11 15 7 Reactor 2 | . . . . 3 Leg 12 | . 10 22 . 10 Wheel 6 | . 8 5 14 6 Hover 3 | . . . . 6 Device 1 | . . . 6 1 Storage 18 | . 22 22 18 16 Protection 3 | . . . . 5 Energy Gun 2 | . 2 2 12 1 Ballistic Gun 5 | . 7 . . 7 Ballistic Cannon 10 | . 14 16 6 7 Launcher 2 | . . 8 3 1 Slashing Weapon 2 | . . . . 3 Naked Turns . | . . . . . Heaviest Build 52 | 11 27 31 38 52 Greatest Support 30 | 10 26 30 20 26 Greatest Overweight (x) 15 | 1 1 3 3 15 Average Overweight (x) 1 | . . 1 1 2 Largest Inventory Capacity 14 | 6 12 12 12 14 Average Capacity 11 | 5 9 12 12 12 Most Carried 12 | 4 8 9 8 12 Average Carried 6 | 2 4 6 6 7 Final Capacity 14 | 6 12 12 12 14 Final Carried 7 | 4 7 7 6 4 Class Distribution -------------------- 41% | Mutant 21% | Scavenger-Mutant 13% | Tank 13% | Scavenger-Gunner 8% | Scavenger-Tank Dominant Class ---------------- Mutant | -10/Materials Scavenger-Gunner | -9/Materials Tank | -8/Materials Scavenger-Mutant | -8/Storage Resources | -11 -10 -9 -8 -8 ----------- Run | Scr Mat Mat Mat Sto Matter Collected 1774 | 204 316 182 297 775 Remotely . | . . . . . Salvage Created 1977 | . 325 320 102 1230 Parts 116 | . 14 38 2 62 Haulers Intercepted 1 | . . . . 1 Recyclers Shooed 5 | . 1 3 . 1 Parts Field Recycled . | . . . . . Retrieved Matter . | . . . . . Parts Self-Destructed . | . . . . . Prevented . | . . . . . Kills | -11 -10 -9 -8 -8 ------- Run | Scr Mat Mat Mat Sto Combat Hostiles Destroyed 46 | . 7 14 3 22 Melee 1 | . . . . 1 Guns 16 | . 5 . . 11 Cannons 15 | . 2 5 . 8 AOE 14 | . . 9 3 2 Classes Destroyed 9 | . 2 5 . 2 Worker 8 | . 1 1 . 6 Builder 7 | . . 6 . 1 Hauler 1 | . . . . 1 Recycler 2 | . . 1 . 1 Watcher 4 | . . 2 . 2 Swarmer 8 | . . 8 . . Grunt 25 | . 7 2 2 14 Duelist 1 | . . . . 1 Sentry 12 | . . 4 1 7 Best Kill Streak 10 | . 1 10 3 6 Combat Bots Only 6 | . 1 6 3 4 Max Kills in Single Turn 4 | . 1 4 2 3 Gunslinging . | . . . . . Exploded 2 | . . 2 2 2 Melee 1 | . . . . 1 Uniques/NPCs Destroyed . | . . . . . Combat | -11 -10 -9 -8 -8 -------- Run | Scr Mat Mat Mat Sto Damage Taken 4965 | . 602 885 288 3190 Core 802 | . 88 157 41 516 Absorbed by Shields 225 | . . . 113 112 Core Remaining (%) 74 | 100 64 60 . . Volleys Fired 166 | . 46 23 9 88 Largest 3 | . 2 3 3 3 Hottest 147 | . 70 103 147 124 Shots Fired 312 | . 69 61 26 156 Gun 147 | . 42 4 14 87 Cannon 141 | . 27 38 9 67 Launcher 24 | . . 19 3 2 Special . | . . . . . Kinetic 260 | . 64 38 9 149 Thermal 28 | . 5 4 14 5 Explosive 24 | . . 19 3 2 Electromagnetic . | . . . . . Robot Hit Streak 13 | . 7 8 5 13 Robot Miss Streak 5 | . 4 4 4 5 Penetration Max . | . . . . . Secondary Targets . | . . . . . Shots Hit Robots 196 | . 41 26 12 117 Core Hits 117 | . 18 31 8 60 Critical Hits 2 | . . 1 . 1 Critical Kills 2 | . . 1 . 1 Critical Parts Destroyed . | . . . . . Melee Attacks 9 | . . . . 9 Impact . | . . . . . Slashing 9 | . . . . 9 Piercing . | . . . . . Sneak Attacks 5 | . . . . 5 Combat Hostiles . | . . . . . Follow-up Attacks . | . . . . . Damage Inflicted 5241 | . 555 1564 311 2811 Guns 1567 | . 317 54 118 1078 Cannons 1304 | . 222 349 50 683 Explosions 1753 | . . 1146 143 464 Melee 556 | . . . . 556 Ramming 61 | . 16 15 . 30 Kinetic 2609 | . 514 349 50 1696 Thermal 262 | . 25 54 118 65 Explosive 1753 | . . 1146 143 464 Electromagnetic . | . . . . . Impact . | . . . . . Slashing 556 | . . . . 556 Piercing . | . . . . . Highest Corruption 6 | . 1 4 . 6 Average Corruption 1 | . 1 2 . 1 Corruption Purged . | . . . . . Effects 11 | . . 6 . 5 Message Errors 5 | . . 3 . 2 Heat Flow Errors 1 | . . 1 . . Energy Discharges 1 | . . 1 . . Data Loss (minor) 2 | . . 1 . 1 Targeting Errors 1 | . . . . 1 Weapon Failures 1 | . . . . 1 Overload Shots . | . . . . . Overflow Damage 313 | . 11 40 1 261 Projectiles 27 | . 11 1 1 14 Explosions 79 | . . 39 . 40 Melee 207 | . . . . 207 Knockbacks 15 | . 5 . 2 8 Impact . | . . . . . Kinetic 14 | . 5 . 1 8 Secondary 1 | . . . 1 . Self-Inflicted Damage 678 | . 8 325 . 345 Shots 18 | . . 12 . 6 Rammed 7 | . 1 3 . 3 Targets Rammed 7 | . 1 3 . 3 Kicked . | . . . . . Crushed . | . . . . . Highest Temperature 353 | . 108 270 353 236 Average Temperature 81 | . 30 54 166 87 Received Heat Transfer 1947 | . 336 108 114 1389 Effects 2 | . . . 2 . Interference 1 | . . . 1 . Matter Decay 1 | . . . 1 . Siege Activations . | . . . . . Robots Corrupted . | . . . . . Combat Hostiles . | . . . . . Parts Fried . | . . . . . Impact Corruptions . | . . . . . Robots Melted . | . . . . . Combat Hostiles . | . . . . . Parts Melted . | . . . . . Heat Transferred 592 | . 74 111 259 148 Parts Sabotaged . | . . . . . Parts Stolen . | . . . . . Parts Stripped . | . . . . . Power Chain Reactions . | . . . . . Missiles Intercepted . | . . . . . Alert | -11 -10 -9 -8 -8 ------- Run | Scr Mat Mat Mat Sto Peak Influence 540 | . 175 540 199 444 Initial 118 | . . 46 118 83 Average 183 | . 73 311 140 181 Maximum Alert Level 2 | . . 2 . 2 Low Security (%) 56 | 100 100 24 100 49 Level 1 34 | . . 42 . 46 Level 2 8 | . . 33 . 3 Level 3 . | . . . . . Level 4 . | . . . . . Level 5 . | . . . . . High Security . | . . . . . Max Security . | . . . . . Squads Dispatched 7 | . 1 1 . 5 Investigation 1 | . . . . 1 Extermination . | . . . . . Reinforcement 4 | . 1 1 . 2 Assault 2 | . . . . 2 Garrison . | . . . . . Intercept . | . . . . . Construction Impeded . | . . . . . Haulers Reinforced . | . . . . . Stealth | -11 -10 -9 -8 -8 --------- Run | Scr Mat Mat Mat Sto Distress Signals 6 | . 2 . . 4 Communications Jammed . | . . . . . Distress Signals . | . . . . . Times Spotted 89 | . 17 23 3 46 Peak Tracking Total 9 | . 6 5 3 9 Tactical Retreats 11 | . 4 1 . 6 Traps | -11 -10 -9 -8 -8 ------- Run | Scr Mat Mat Mat Sto Traps Triggered 4 | . 1 2 . 1 Indirectly . | . . . . . Trap Hack Attempts . | . . . . . Triggered . | . . . . . Disarmed . | . . . . . Reprogrammed . | . . . . . Reused . | . . . . . Traps Extracted . | . . . . . Installed . | . . . . . Triggered . | . . . . . Machines | -11 -10 -9 -8 -8 ---------- Run | Scr Mat Mat Mat Sto Machines Disabled 11 | . 2 4 . 5 Max in Single Turn 2 | . 1 2 . 2 Machines Sabotaged . | . . . . . Garrisons Compromised . | . . . . . Overloaded Fab Kills . | . . . . . Fab Network Shutdowns . | . . . . . Hacking | -11 -10 -9 -8 -8 --------- Run | Scr Mat Mat Mat Sto Machines Accessed 6 | . 1 1 . 4 Terminals 3 | . 1 1 . 1 Fabricators . | . . . . . Repair Stations 1 | . . . . 1 Recycling Units 2 | . . . . 2 Scanalyzers . | . . . . . Garrison Access . | . . . . . Total Hacks 10 | . 1 1 . 8 Successful 6 | . 1 1 . 4 Failed 4 | . . . . 4 Catastrophic . | . . . . . Database Lockouts . | . . . . . Manual . | . . . . . Terminals 4 | . 1 1 . 2 Fabricators . | . . . . . Repair Stations 1 | . . . . 1 Recycling Units 5 | . . . . 5 Scanalyzers . | . . . . . Garrison Access . | . . . . . Terminal Hacks 3 | . 1 1 . 1 Prototype ID Bank 1 | . 1 . . . Locate Traps 1 | . . . . 1 Registered Components 1 | . . 1 . . Fabricator Hacks . | . . . . . Repair Station Hacks 1 | . . . . 1 Refit 1 | . . . . 1 Recycling Unit Hacks 2 | . . . . 2 Retrieve Components 2 | . . . . 2 Scanalyzer . | . . . . . Garrison Access Hacks . | . . . . . Unauthorized Hacks . | . . . . . Terminals . | . . . . . Fabricators . | . . . . . Repair Stations . | . . . . . Recycling Units . | . . . . . Scanalyzers . | . . . . . Garrison Access . | . . . . . Data Cores Recovered . | . . . . . Used . | . . . . . Hacking Detections 2 | . . . . 2 Full Trace Events . | . . . . . Feedback Events . | . . . . . Feedback Blocked . | . . . . . Robot Schematics Acquired . | . . . . . Robots Built . | . . . . . Matter . | . . . . . Time . | . . . . . Total Robot Build Rating . | . . . . . Part Schematics Acquired . | . . . . . Parts Built . | . . . . . Matter . | . . . . . Time . | . . . . . Total Part Build Rating . | . . . . . Parts Repaired . | . . . . . Time . | . . . . . Parts Recycled . | . . . . . Recycled Matter . | . . . . . Retrieved Matter . | . . . . . Retrieved Components 5 | . . . . 5 Parts Scanalyzed . | . . . . . Part Schematics Acquired . | . . . . . Parts Damaged . | . . . . . Bothacking | -11 -10 -9 -8 -8 ------------ Run | Scr Mat Mat Mat Sto Used RIF Installer . | . . . . . Robots Hacked . | . . . . . Non-combat . | . . . . . Combat . | . . . . . Robot Hacks Applied . | . . . . . Relay Couplers Released . | . . . . . Robots Rewired . | . . . . . Allies Hacked . | . . . . . Hacks Repelled . | . . . . . Allies | -11 -10 -9 -8 -8 -------- Run | Scr Mat Mat Mat Sto Total Allies 2 | . . . . 2 Largest Group 2 | . . . . 2 Highest-Rated Group 62 | . . . . 62 Highest-Rated Ally 31 | . . . . 31 Total Orders . | . . . . . Ally Attacks 31 | . . . . 31 Total Damage 565 | . . . . 565 Kills 7 | . . . . 7 Allies Corrupted . | . . . . . Allies Melted . | . . . . . Intel | -11 -10 -9 -8 -8 ------- Run | Scr Mat Mat Mat Sto Robot Analysis Total . | . . . . . Derelict Logs Recovered . | . . . . . Drone Launches . | . . . . . Drone Recoveries . | . . . . . Exploration | -11 -10 -9 -8 -8 ------------- Run | Scr Mat Mat Mat Sto Turns Passed 4219 | 56 719 816 209 2419 Spaces Moved 2175 | 50 418 577 170 960 Core 11 | 7 . . . 4 Treads 100 | . 100 . . . Legs 1165 | . 156 328 . 681 Wheels 783 | 43 162 249 170 159 Hover 105 | . . . . 105 Flight 11 | . . . . 11 Fastest Speed 50 | 50 90 90 90 90 Average Speed 154 | 83 134 125 97 195 Slowest Speed 800 | 90 160 150 110 800 Overloaded Moves . | . . . . . Propulsion Burnouts . | . . . . . Robots Hopped . | . . . . . Cave-ins Triggered . | . . . . . Exploration Rate (%) 41 | 4 47 57 16 83 Regions Visited 4 Branch Regions 1 Pre-discovered Areas . | . . . . . Known Exits Taken . | . . . . . Unknown Exits Taken 4 | 1 1 1 1 . Scrap Searched . | . . . . . Spaces Dug . | . . . . . Terrain Destroyed 216 | . . 126 28 62 Melee . | . . . . . Projectile . | . . . . . AOE 216 | . . 126 28 62 Terrain Rammed . | . . . . . Walls Destroyed . | . . . . . Machines Disabled . | . . . . . Actions | -11 -10 -9 -8 -8 --------- Run | Scr Mat Mat Mat Sto Total 2740 | 64 512 626 193 1345 Wait 243 | 1 16 . 5 221 Move 2171 | 49 417 576 169 960 Hop . | . . . . . Pick Up 62 | 9 15 6 4 28 Fast Attach 1 | . . . . 1 Attach 51 | 5 7 6 5 28 Detach 3 | . . 3 . . Swap 12 | . 4 3 1 4 Drop 15 | . 6 6 . 3 Fire 166 | . 46 23 9 88 Melee 9 | . . . . 9 Ram 4 | . 1 3 . . Kick 3 | . . . . 3 Crush . | . . . . . Escape Stasis . | . . . . . Rewire . | . . . . . Trap . | . . . . . Miscellaneous . | . . . . . Route ------- -11/Scrapyard -10/Materials (discovered 3 exits: *Mat / [*Min x2]) -9/Materials (discovered 2 exits: [*Mat x2]) -8/Materials -8/Storage History --------- Turn | Location | Event 20 | -11/Scrapyard | Discovered new exit (range 16) 57 | -11/Scrapyard | Entered Materials 65 | -10/Materials | Discovered new exit (range 16) 133 | -10/Materials | Discovered new exit (range 15) 316 | -10/Materials | Build established: Mutant 346 | -10/Materials | Lost 3 parts (2n1w) 459 | -10/Materials | Discovered new exit (range 6) 776 | -10/Materials | Entered another Materials area 776 | -9/Materials | Evolved 2 slots: Propulsion x1, Weapon x1 1078 | -9/Materials | Build established: Scavenger-Gunner 1204 | -9/Materials | Discovered new exit (range 14) 1576 | -9/Materials | Discovered new exit (range 16) 1592 | -9/Materials | Entered another Materials area 1592 | -8/Materials | Evolved 2 slots: Power x1, Utility x1 1689 | -8/Materials | Discovered new exit (range 8) 1801 | -8/Materials | Entered Storage 1939 | -8/Storage | Build established: Tank 2270 | -8/Storage | Lost 6 parts (1p1n1u3w) 2577 | -8/Storage | Build established: Scavenger-Tank 2658 | -8/Storage | Lost 3 parts (2n1u) 2870 | -8/Storage | Met a pair of Derelict thieves 2985 | -8/Storage | Lost 3 parts (2p1w) 3110 | -8/Storage | Lost 3 parts (1u2w) 3201 | -8/Storage | Core integrity fell below 50% 3235 | -8/Storage | Lost 5 parts (3n2w) 3491 | -8/Storage | Build established: Scavenger-Mutant 4176 | -8/Storage | Lost 5 parts (1p1n1u2w) 4189 | -8/Storage | Core integrity fell below 20% 4220 | -8/Storage | Destroyed by G-47 Trooper with Particle Gun Last Messages --------------- 04141_ U-05 Engineer lays Concrete. 04143_ U-05 Engineer builds a Wall. 04145_ U-05 Engineer lays Concrete. 04145_ Knocked back. 04145_ Hvy. Assault Rifle destroyed. 04146_ U-05 Engineer lays Concrete. 04147_ The unstable cave ceiling collapses. 04147_ U-05 Engineer builds a Wall. 04150_ U-05 Engineer lays Concrete. 04151_ U-05 Engineer builds a Wall. 04152_ U-05 Engineer lays Concrete. 04158_ The unstable cave ceiling collapses. 04158_ U-05 Engineer builds a Wall. 04180_ Aerolev Unit destroyed. 04190_ Scythe destroyed. 04192_ Aerolev Unit destroyed. 04192_ System corrupted by crushing effect (+2). 04196_ Cold Fusion Reactor destroyed. 04196_ System corrupted by crushing effect (+3). 04196_ Knocked back. Map ----- +----------------------------------------------------+ | ????????"" """ + #???#= | | ???????""" """ # #???#% | | ?????# """ """ # #???#= | | ?????# # ######## | | ?????+ + ## ##?? | | ???????###### #/#### ##?? | | ???????????# ##?? | | ???????????# #?? | | ???????????# % ##?? | | ?????####### = = #?? | | ???# / =%! #?? | | ?????##### ## #?? | | ?###+##??# ## % ###?? | | ?# [ ?# ## #???? | | ?#% ! % # #####+###+##???? | | ?#= # ##### #????? | | ?# + #????? | | ?# ! # +????? | | ########?# #????? | | # ### #????? | | # """ + #????? | | # "R ##### #????? | | # """ #???# #????? | | # #???# #######????? | | # #???# #??????????? | | #!@ #???# +??????????? | | #!!b #???# #??????????? | | # Yg ##### #??????????? | | # """ # #??????????? | | # """ # #??????????? | | # """ + ##+###??????????? | | # # #???????????????? | | #### ### #???????????????? | | ???###?# T#??????????????? | | ???????# ##??????????????? | | ???????""""???????????????? | | ??????????????????????????? | | ??????????????????????????? | | ??????????????????????????? | | ??????????????????????????? | | ??????????????????????????? | | ??????????????????????????? | | | | | | | | | | | | | | | | | +----------------------------------------------------+ Best States ------------- Heat Dissipation 31 Energy Generation 29 Energy Capacity 300 Matter Stores 300 Matter Capacity 300 Sight Range 16 Terrain Scan Density 10 Armor Coverage 150 Resistance: EM 15 Propulsion Shielding 66 Evasion (%) 50 Recoil Reduction 1 Item Schematics ----------------- None Robot Schematics ------------------ None Fabricated ------------ Nothing Alien Tech Used ----------------- None Achievements -------------- Hey, That's Mine! Let's See Who's Tougher Challenges ------------ None Game ------ Seed MachineMasterDissipator Manual? 0 Play Time 00:35:35 Cumulative 5.8 hours Start 2021.05.20 @ 11:21:40 End 2021.05.20 @ 12:08:33 Sessions 1 Manual Loads 0 Difficulty Rogue Special Mode None Game No. 12 Rogue 12 Adventurer 0 Explorer 0 Win Type - Total 0 Types 0/0/0/0/0/0/0/0/0 Lore% 2 Gallery% 10 Achievement% 10 Wizard Run 0 Options --------- ASCII 0 Keyboard 0 Movement Mouse Keybinds 0 Fullscreen 1 Font 18/SmallcapsGlow Map View 76x50 Tactical HUD 1 Map Filters NONE Filters NONE Steam 1 RUN: c22fa4e1-37a2-4649-b2a5-eeba57dc31ff